NCAA
MICHIGAN STATE SPARTANS @ AUBURN TIGERS
05/23/2028
 
TOP OF THE 1ST
Michigan State Spartans batting - Pitching for Auburn Tigers : RHP Andrew Lyons
Pitching: RHP Andrew Lyons
Batting: SHB Joe Emery 0-0: Ball
1-0: Ball
2-0: Ball
3-0: Called Strike
3-1: Base on Balls
Batting: LHB Norberto Garza 0-0: Ball
1-0: Ball
2-0: Called Strike
2-1: SINGLE (Groundball, 56D)
Joe Emery to second
Batting: LHB Cliff Mills 0-0: Ball
1-0: Ball
2-0: Called Strike
2-1: Foul Ball, location: 2F
2-2: Ball
3-2: Grounds into double play, 6-4-3 (Groundball, 6)
Joe Emery to third
Batting: RHB Rodrigo Hernández 0-0: Ground out 5-3 (Groundball, 5S)
Top of the 1st over - 0 run(s), 1 hit(s), 0 error(s), 1 left on base; Michigan State 0 - Auburn 0
BOTTOM OF THE 1ST
Auburn Tigers batting - Pitching for Michigan State Spartans : RHP Adrian Cooper
Pitching: RHP Adrian Cooper
Batting: RHB Bill Petty 0-0: Foul Ball, location: 2F
0-1: Called Strike
0-2: Strikes out swinging
Batting: SHB Anthony Thomas 0-0: Called Strike
0-1: Ball
1-1: Ground out 6-3 (Groundball, 6)
Batting: RHB Robert Porter 0-0: Ball
1-0: Ball
2-0: Called Strike
2-1: Ball
3-1: Base on Balls
Batting: SHB Bruce MacPherson 0-0: Foul Ball, location: 2F
0-1: Ball
1-1: Called Strike
Pickoff Throw to First - Error! E1
Robert Porter to second
1-2: Ball
2-2: Ball
3-2: Foul Ball, location: 2F
3-2: Fly out, F7 (Line Drive, 7)
Bottom of the 1st over - 0 run(s), 0 hit(s), 1 error(s), 1 left on base; Michigan State 0 - Auburn 0
TOP OF THE 2ND
Michigan State Spartans batting - Pitching for Auburn Tigers : RHP Andrew Lyons
Batting: LHB Chris Gibson 0-0: Called Strike
0-1: Ball
1-1: Ball
2-1: Foul Ball, location: 2F
2-2: Foul Ball, location: 2F
2-2: DOUBLE (Line Drive, 7LM)
Batting: LHB Gabriel Estrada 0-0: Foul Ball, location: 2F
0-1: Fly out, F6 (Line Drive, 6)
Lined into DP, 6-4 (Line Drive, 6)
Batting: RHB Chris Marshall 0-0: Swinging Strike
0-1: Called Strike
0-2: Ball
1-2: Ball
2-2: Strikes out swinging
Top of the 2nd over - 0 run(s), 1 hit(s), 0 error(s), 0 left on base; Michigan State 0 - Auburn 0
BOTTOM OF THE 2ND
Auburn Tigers batting - Pitching for Michigan State Spartans : RHP Adrian Cooper
Batting: LHB Matt Kennedy 0-0: Called Strike
0-1: Foul Ball, location: 2F
0-2: Ball
1-2: Foul Ball, location: 2F
1-2: Foul Ball, location: 2F
1-2: Strikes out swinging, 2-3 out at first.
Batting: RHB Travis Curtis 0-0: Ball
1-0: Ground out 6-3 (Groundball, 6)
Batting: SHB Andrew Johnson 0-0: Foul Ball, location: 2F
0-1: Swinging Strike
0-2: Strikes out swinging
Bottom of the 2nd over - 0 run(s), 0 hit(s), 0 error(s), 0 left on base; Michigan State 0 - Auburn 0
TOP OF THE 3RD
Michigan State Spartans batting - Pitching for Auburn Tigers : RHP Andrew Lyons
Batting: RHB Bob Watson 0-0: Called Strike
0-1: Ball
1-1: Ball
2-1: Ball
3-1: Called Strike
3-2: SINGLE (Flyball, 78S)
Batting: RHB Ryan Fullerton 0-0: Called Strike
0-1: Called Strike
0-2: Strikes out swinging
Batting: SHB Joe Emery 0-0: Called Strike
0-1: Ball
1-1: Swinging Strike
1-2: Foul Ball, location: 2F
1-2: Ball
2-2: DOUBLE (Flyball, 8LXD)
Bob Watson to third
Batting: LHB Norberto Garza 0-0: Called Strike
0-1: Ball
1-1: Single, Error in OF, E7, batter to second base
Bob Watson scores
Joe Emery scores
Batting: LHB Cliff Mills 0-0: Ball
1-0: Fly out, F8 (Flyball, 78S)
Batting: RHB Rodrigo Hernández 0-0: Called Strike
0-1: Swinging Strike
0-2: Ball
1-2: Fly out, F9 (Flyball, 89M)
Top of the 3rd over - 2 run(s), 3 hit(s), 1 error(s), 1 left on base; Michigan State 2 - Auburn 0
BOTTOM OF THE 3RD
Auburn Tigers batting - Pitching for Michigan State Spartans : RHP Adrian Cooper
Batting: RHB Patrick Stewart 0-0: Called Strike
0-1: Ball
1-1: Swinging Strike
1-2: Strikes out swinging
Batting: RHB Lou Perry 0-0: Ground out 6-3 (Groundball, 6)
Batting: RHB Bill Petty 0-0: Ball
1-0: Swinging Strike
1-1: Swinging Strike
1-2: Strikes out swinging
Bottom of the 3rd over - 0 run(s), 0 hit(s), 0 error(s), 0 left on base; Michigan State 2 - Auburn 0
TOP OF THE 4TH
Michigan State Spartans batting - Pitching for Auburn Tigers : RHP Andrew Lyons
Batting: LHB Chris Gibson 0-0: Ball
1-0: Ball
2-0: Fly out, F9 (Flyball, 9LMF)
Batting: LHB Gabriel Estrada 0-0: Ball
1-0: Ball
2-0: Ball
3-0: Called Strike
3-1: Base on Balls
Batting: RHB Chris Marshall 0-0: Called Strike
0-1: Called Strike
0-2: Ball
1-2: Ball
2-2: Ground out 5-3 (Groundball, 56S)
Gabriel Estrada to second
Batting: RHB Bob Watson 0-0: Ball
1-0: Ball
2-0: Foul Ball, location: 2F
2-1: Swinging Strike
2-2: Ball
3-2: Base on Balls
Batting: RHB Ryan Fullerton 0-0: Single, Error in OF, E7, batter to second base
Gabriel Estrada scores
Bob Watson to third
Batting: SHB Joe Emery 0-0: Ball
1-0: Ball
2-0: Ball
3-0: Foul Ball, location: 2F
3-1: SINGLE (Line Drive, 78M)
Bob Watson scores
Ryan Fullerton to third
Throwing error, E7
Ryan Fullerton scores
Joe Emery to second
Batting: LHB Norberto Garza 0-0: Fly out, F8 (Flyball, 78M)
Top of the 4th over - 3 run(s), 2 hit(s), 2 error(s), 1 left on base; Michigan State 5 - Auburn 0
BOTTOM OF THE 4TH
Auburn Tigers batting - Pitching for Michigan State Spartans : RHP Adrian Cooper
Batting: SHB Anthony Thomas 0-0: Ball
1-0: Ball
2-0: Called Strike
2-1: SINGLE (Groundball, 4M) (infield hit)
Batting: RHB Robert Porter 0-0: Foul Ball, location: 2F
0-1: Ball
1-1: Foul Ball, location: 2F
1-2: Foul Ball, location: 2F
1-2: Strikes out swinging
Batting: SHB Bruce MacPherson 0-0: Ball
1-0: Ball
2-0: Swinging Strike
2-1: Foul Ball, location: 2F
2-2: Foul Ball, location: 2F
2-2: Foul Ball, location: 2F
2-2: Foul Ball, location: 2F
2-2: Ball
3-2: Fly out, F8 (Flyball, 8RM)
Batting: LHB Matt Kennedy 0-0: Fly out, F8 (Flyball, 8LM)
Bottom of the 4th over - 0 run(s), 1 hit(s), 0 error(s), 1 left on base; Michigan State 5 - Auburn 0
TOP OF THE 5TH
Michigan State Spartans batting - Pitching for Auburn Tigers : RHP Andrew Lyons
Batting: LHB Cliff Mills 0-0: Called Strike
0-1: Foul Ball, location: 2F
0-2: Strikes out swinging
Pitching: LHP Ed Taylor
Batting: RHB Rodrigo Hernández 0-0: Ground out 5-3 (Groundball, 56)
Batting: LHB Chris Gibson 0-0: Called Strike
0-1: Ball
1-1: Ball
2-1: Foul Ball, location: 2F
2-2: Foul Ball, location: 2F
2-2: DOUBLE (Line Drive, 7LM)
Batting: LHB Gabriel Estrada 0-0: Ball
1-0: Called Strike
1-1: Ball
2-1: Foul Ball, location: 2F
2-2: Hit by Pitch
Batting: RHB Chris Marshall 0-0: Fielders Choice at 2nd, 6-4 (Groundball, 6)
Top of the 5th over - 0 run(s), 1 hit(s), 0 error(s), 1 left on base; Michigan State 5 - Auburn 0
BOTTOM OF THE 5TH
Auburn Tigers batting - Pitching for Michigan State Spartans : RHP Adrian Cooper
Batting: RHB Travis Curtis 0-0: Swinging Strike
0-1: SINGLE (Line Drive, 8LM)
Batting: SHB Andrew Johnson 0-0: Fielders Choice at 2nd, 4-6 (Groundball, 4)
Batting: RHB Patrick Stewart 0-0: Ball
1-0: Called Strike
1-1: Foul Ball, location: 2F
1-2: Foul Ball, location: 2F
1-2: Foul Ball, location: 2F
1-2: Strikes out swinging
Batting: RHB Lou Perry 0-0: Ball
1-0: Ball
Andrew Johnson is caught stealing 2nd base
Bottom of the 5th over - 0 run(s), 1 hit(s), 0 error(s), 0 left on base; Michigan State 5 - Auburn 0
TOP OF THE 6TH
Michigan State Spartans batting - Pitching for Auburn Tigers : LHP Ed Taylor
Batting: RHB Bob Watson 0-0: Ball
1-0: Fly out, F4 (Line Drive, 4M)
Batting: RHB Ryan Fullerton 0-0: Fly out, F6 (Popup, 4MD)
Batting: SHB Joe Emery 0-0: Foul Ball, location: 2F
0-1: Ball
1-1: Ball
2-1: Swinging Strike
2-2: Ground out 6-3 (Groundball, 6)
Top of the 6th over - 0 run(s), 0 hit(s), 0 error(s), 0 left on base; Michigan State 5 - Auburn 0
BOTTOM OF THE 6TH
Auburn Tigers batting - Pitching for Michigan State Spartans : RHP Adrian Cooper
Batting: RHB Lou Perry 0-0: Foul Ball, location: 2F
0-1: Ball
1-1: Ball
2-1: SOLO HOME RUN (Flyball, 7D), Distance : 349 ft
Batting: RHB Bill Petty 0-0: Called Strike
0-1: Foul Ball, location: 2F
0-2: Strikes out swinging
Batting: SHB Anthony Thomas 0-0: Ground out 4-3 (Groundball, 4)
Batting: RHB Robert Porter 0-0: Ball
1-0: Foul Ball, location: 2F
1-1: Foul Ball, location: 2F
1-2: Foul Ball, location: 2F
1-2: Foul Ball, location: 2F
1-2: Ball
2-2: Ball
3-2: Base on Balls
Pitching: RHP Brian White
Batting: SHB Bruce MacPherson 0-0: Called Strike
0-1: Foul Ball, location: 2F
0-2: Ball
1-2: Ball
2-2: Foul Ball, location: 2F
2-2: Strikes out swinging
Bottom of the 6th over - 1 run(s), 1 hit(s), 0 error(s), 1 left on base; Michigan State 5 - Auburn 1
TOP OF THE 7TH
Michigan State Spartans batting - Pitching for Auburn Tigers : LHP Ed Taylor
Batting: LHB Norberto Garza 0-0: Ball
1-0: SINGLE (Flyball, 78S) - OUT at second base trying to stretch hit.
Batting: LHB Cliff Mills 0-0: Ball
1-0: SINGLE (Flyball, 8LS)
Batting: RHB Rodrigo Hernández 0-0: Called Strike
0-1: Ball
1-1: Ball
2-1: Ball
3-1: Base on Balls
Cliff Mills to second
Batting: LHB Chris Gibson 0-0: Fly out, F7 (Flyball, 7)
Batting: LHB Gabriel Estrada 0-0: Called Strike
0-1: Foul Ball, location: 2F
0-2: Foul Ball, location: 2F
0-2: Strikes out swinging
Top of the 7th over - 0 run(s), 2 hit(s), 0 error(s), 2 left on base; Michigan State 5 - Auburn 1
BOTTOM OF THE 7TH
Auburn Tigers batting - Pitching for Michigan State Spartans : RHP Brian White
Batting: LHB Matt Kennedy 0-0: Ball
1-0: Fly out, F4 (Popup, 4)
Batting: RHB Travis Curtis 0-0: Ball
1-0: Foul Ball, location: 2F
1-1: Ball
2-1: Called Strike
2-2: Strikes out swinging
Batting: SHB Andrew Johnson 0-0: Ball
1-0: Ground out 5-3 (Groundball, 56)
Bottom of the 7th over - 0 run(s), 0 hit(s), 0 error(s), 0 left on base; Michigan State 5 - Auburn 1
TOP OF THE 8TH
Michigan State Spartans batting - Pitching for Auburn Tigers : LHP Ed Taylor
Batting: RHB Chris Marshall 0-0: Ball
1-0: Called Strike
1-1: Foul Ball, location: 2F
1-2: Foul Ball, location: 2F
1-2: Ball
2-2: Foul Ball, location: 2F
2-2: Ball
3-2: Base on Balls
Batting: RHB Bob Watson 0-0: Called Strike
0-1: Ball
1-1: SINGLE (Flyball, 9S)
Chris Marshall to second
Runner from 2nd tries for 3rd, SAFE, no throw
Batting: RHB Ryan Fullerton 0-0: Called Strike
0-1: Foul Ball, location: 2F
0-2: Strikes out looking
Batting: SHB Joe Emery 0-0: Ball
1-0: DOUBLE (Line Drive, 78XD)
Chris Marshall scores
Bob Watson to third
Batting: LHB Norberto Garza 0-0: Called Strike
0-1: Ball
1-1: Foul Ball, location: 2F
1-2: SINGLE (Line Drive, 9LS)
Bob Watson scores
Joe Emery to third
Runner from 3rd tries for Home, SAFE, no throw
Pitching: LHP Rafael Robles
Batting: LHB Cliff Mills 0-0: Called Strike
0-1: Ball
1-1: Swinging Strike
1-2: Foul Ball, location: 2F
1-2: Grounds into double play, 6-4-3 (Groundball, 6)
Top of the 8th over - 3 run(s), 3 hit(s), 0 error(s), 0 left on base; Michigan State 8 - Auburn 1
BOTTOM OF THE 8TH
Auburn Tigers batting - Pitching for Michigan State Spartans : RHP Brian White
Now at 1B: Carlos Anaya
Batting: RHB Patrick Stewart 0-0: Ball
1-0: Ball
2-0: Ball
3-0: Called Strike
3-1: Base on Balls
Batting: RHB Lou Perry 0-0: Called Strike
0-1: Ball
1-1: Ball
2-1: Fly out, F8 (Flyball, 8RM)
Batting: RHB Bill Petty 0-0: Swinging Strike
0-1: SINGLE (Groundball, 4MD)
Patrick Stewart to second
Batting: SHB Anthony Thomas 0-0: Ball
1-0: Foul Ball, location: 2F
1-1: Foul Ball, location: 2F
1-2: Ball
2-2: 3-RUN HOME RUN (Flyball, 9D), Distance : 361 ft
Pitching: RHP William Stevens
Batting: RHB Robert Porter 0-0: SINGLE (Groundball, 56D)
Batting: SHB Bruce MacPherson 0-0: Ball
1-0: Swinging Strike
1-1: Foul Ball, location: 2F
1-2: Ball
2-2: Ball
3-2: Strikes out swinging
Batting: LHB Matt Kennedy 0-0: Called Strike
0-1: Ball
1-1: Foul Ball, location: 2F
1-2: Foul Ball, location: 2F
1-2: Foul Ball, location: 2F
1-2: Ball
2-2: Foul Ball, location: 2F
2-2: Strikes out looking
Bottom of the 8th over - 3 run(s), 3 hit(s), 0 error(s), 1 left on base; Michigan State 8 - Auburn 4
TOP OF THE 9TH
Michigan State Spartans batting - Pitching for Auburn Tigers : LHP Rafael Robles
Pitching: RHP Eddy Jackson
Batting: RHB Rodrigo Hernández 0-0: Fly out, F9 (Line Drive, 9S)
Batting: LHB Chris Gibson 0-0: Ball
1-0: Ball
2-0: Fly out, F7 (Flyball, 78S)
Batting: LHB Gabriel Estrada 0-0: SINGLE (Line Drive, 6MD)
Batting: RHB Chris Marshall 0-0: Called Strike
0-1: Foul Ball, location: 2F
0-2: Strikes out swinging
Top of the 9th over - 0 run(s), 1 hit(s), 0 error(s), 1 left on base; Michigan State 8 - Auburn 4
BOTTOM OF THE 9TH
Auburn Tigers batting - Pitching for Michigan State Spartans : RHP William Stevens
Batting: RHB Travis Curtis 0-0: Ground out 6-3 (Groundball, 6)
Batting: SHB Andrew Johnson 0-0: Foul Ball, location: 2F
0-1: Foul Ball, location: 2F
0-2: Foul Ball, location: 2F
0-2: Ball
1-2: Foul Ball, location: 2F
1-2: Ball
2-2: Foul Ball, location: 2F
2-2: Ball
3-2: Base on Balls
Batting: RHB Patrick Stewart 0-0: Ball
1-0: Foul Ball, location: 2F
1-1: Called Strike
1-2: Hit by Pitch
Andrew Johnson to second
Pitching: LHP David Page
Batting: RHB Lou Perry 0-0: Called Strike
0-1: Fly out, F8 (Flyball, 8LM)
Batting: RHB Bill Petty 0-0: Ball
1-0: Foul Ball, location: 2F
1-1: Ball
2-1: Ball
3-1: Ground out 5-3 (Groundball, 56S)
Bottom of the 9th over - 0 run(s), 0 hit(s), 0 error(s), 2 left on base; Michigan State 8 - Auburn 4
Tuesday, August 8th, 2017 - OOTP Baseball 17.12 Build 75